 Dungeon Crawl Stone Soup version 0.26.0-45-g9c1d065592 (webtiles) character file.

Game seed: 1950016323023152649

286 thiole the Stinger (level 6, 0/36 HPs)
             Began as an Octopode Venom Mage on Jan 27, 2021.
             Slain by an orc
             ... wielding a +0 hand axe
              (5 damage)
             ... on level 4 of the Dungeon.
             The game lasted 00:04:45 (4204 turns).

thiole the Stinger (Octopode Venom Mage)            Turns: 4204, Time: 00:04:45

Health: 0/36       AC:  1    Str:  7    XL:     6   Next: 30%
Magic:  0/10       EV: 13    Int: 20    God:
Gold:   154        SH:  0    Dex: 12    Spells: 2/10 levels left

rFire    . . .     SeeInvis .   (no weapon)
rCold    . . .     Faith    .   (no shield)
rNeg     . . .     Spirit   .   (helmet restricted)
rPois    .         Reflect  .   (no amulet)
rElec    .         Harm     .   (no ring)
rCorr    .         Rampage  .   (no ring)
Will     .....                  (no ring)
Stlth    +++.......             (no ring)
HPRegen  0.12/turn              (no ring)
MPRegen  0.12/turn              (no ring)
                                (no ring)
                                (no ring)

@: very slightly contaminated, hasted, very quick
A: almost no armour, stealthy swim, amphibious, 8 rings, constrict 8, camouflage
1, gelatinous body 1
a: no special abilities


You were on level 4 of the Dungeon.
You visited 1 branch of the dungeon, and saw 4 of its levels.

You collected 154 gold pieces.

Inventory:

Scrolls
 b - a scroll of magic mapping {unknown}
 c - 4 scrolls of teleportation {unknown}
 e - a scroll of enchant armour {unknown}
 i - 6 scrolls of identify {unknown}
Potions
 a - a potion of mutation {unknown}
 d - a potion of cancellation {unknown}
 g - a potion of haste
 h - a potion of might {unknown}
 j - a potion of attraction {unknown}
 k - a potion of flight {unknown}


   Skills:
 - Level 2.0 Dodging
 + Level 4.2 Stealth
 + Level 2.9 Spellcasting
 * Level 3.3 Transmutations
 + Level 1.6 Fire Magic
 * Level 5.4 Poison Magic


You had 2 spell levels left.
You knew the following spells:

 Your Spells              Type           Power        Failure   Level
a - Sting                 Tmut/Pois      80%          2%          1
b - Ignite Poison         Fire/Tmut/Pois 16%          11%         3
c - Olgreb's Toxic Radia  Pois           24%          16%         4

Your spell library contained the following spells:

 Spells                   Type           Power        Failure   Level
 Poisonous Vapours        Pois/Air       26%          7%          2
 Mephitic Cloud           Conj/Pois/Air  10%          21%         3


Dungeon Overview and Level Annotations

Branches:
Dungeon (4/15)
 Temple: D:4-7

Altars:
Cheibriados
Nemelex Xobeh

Annotations:
D:3 3 runed translucent doors, kaeus's ghost, amateur OpTm


Innate Abilities, Weirdness & Mutations

You cannot wear most types of armour.
You are very stealthy in the water. (Stealth+)
You are amphibious.
You can wear up to eight rings at the same time.
You can use your tentacles to constrict eight enemies at once.
Your skin changes colour to match your surroundings (Stealth+).
Your rubbery body absorbs attacks. (AC +1, EV +1)


Message History

You closely miss the orc. You grab the orc. You squeeze the orc.
You kill the orc!
The orc closely misses you.
The orc priest mumbles some strange prayers to Beogh against you.
Beogh smites you!
* * * LOW HITPOINT WARNING * * *
The orc wizard closely misses you.
You feel much better. The orc hits you with a +0 hand axe.
The orc priest hits you but does no damage.
The orc wizard hits you with a +0 dagger.
You closely miss the orc wizard. Your grab misses the orc wizard.
The orc wizard is moderately wounded.
The orc hits you with a +0 hand axe.
The orc wizard hits you with a +0 dagger.
* * * LOW HITPOINT WARNING * * *
It was a potion of haste.
You feel yourself speed up.
The orc wizard looks more healthy.
The orc priest miscasts a cantrip.
The orc hits you with a +0 hand axe.
You die...

#+#####
.##.....##
.....o.o.#
.....).@o#
.##..##)##
# #.# ...
... ##+##


You could see an orc priest (very poisoned), an orc wizard and an orc (very
poisoned).

Vanquished Creatures
  A jelly (D:3)
  2 orc wizards (D:3)
  Jessica (D:2)
  Terence (D:2)
  5 adders
  An ooze (D:2)
  2 worms (D:3)
  2 dart slugs (D:2)
  2 leopard geckos
  6 orcs
  11 bats
  3 giant cockroaches
  7 goblins
  11 hobgoblins
  3 jackals (D:3)
  A quokka (D:2)
  11 frilled lizards
  10 kobolds
  3 rats
83 creatures vanquished.

Vanquished Creatures (others)
  48 plants (D:3)
48 creatures vanquished.

Grand Total: 131 creatures vanquished

Notes
Turn   | Place    | Note
-------+----------+-------------------------------------------
     0 | D:1      | thiole the Octopode Venom Mage began the quest for the Orb.
     0 | D:1      | Reached XP level 1. HP: 11/11 MP: 3/3
     3 | D:1      | Noticed an electric eel
     3 | D:1      | Noticed an electric eel
   244 | D:1      | Reached XP level 2. HP: 17/17 MP: 3/5
   297 | D:1      | Reached skill level 4 in Poison Magic
   823 | D:1      | Found a snail-covered altar of Cheibriados.
   908 | D:1      | Reached XP level 3. HP: 21/21 MP: 4/6
  1074 | D:1      | Learned a level 3 spell: Ignite Poison
  1739 | D:2      | Found a faded altar of an unknown god.
  1951 | D:2      | Noticed Jessica
  1958 | D:2      | Killed Jessica
  1959 | D:2      | Reached XP level 4. HP: 27/27 MP: 1/7
  2368 | D:2      | Noticed Terence
  2375 | D:2      | Killed Terence
  2376 | D:2      | Reached XP level 5. HP: 28/31 MP: 0/8
  2597 | D:2      | Found a sparkling altar of Nemelex Xobeh.
  2677 | D:3      | Found a runed translucent gate.
  2677 | D:3      | Found a runed translucent gate.
  2680 | D:3      | Found a runed translucent gate.
  2694 | D:3      | Reached skill level 1 in Fire Magic
  2827 | D:3      | Noticed kaeus's ghost (amateur OpTm)
  2851 | D:3      | Learned a level 4 spell: Olgreb's Toxic Radiance
  2872 | D:3      | Reached skill level 5 in Poison Magic
  3520 | D:3      | Reached XP level 6. HP: 36/36 MP: 2/10
  4201 | D:4      | HP: 1/36 [orc priest/divine providence (12)]
  4204 | D:4      | Slain by an orc

Illustrated notes

Levels and vault maps discovered:
D:1:      arrival_aquarium_b, layout_basic, minivault_14, moated_statue,
          palyth_stone_intersect, minmay_misc_feat_roman, cheibriados_altar_1
D:2:      layout_basic, nemelex_altar_shiori, chequers_ecumenical_altar_simple,
          uniq_terence, uniq_jessica
D:3:      minmay_diamond_boxcup, layout_loops_ring, gammafunk_ghost_necromancy,
          serial_bayou, serial_bayou_pond_c, serial_bayou_pond_d,
          serial_bayou_shore_a, serial_bayou_ford_a, minmay_lizard_king
D:4:      layout_gridville

Skill      XL: |  1  2  3  4  5 |
---------------+----------------+-----
Stealth        | 3 4 |  4.2
Poison Magic   | 4 5 |  5.4
Transmutations | 2 3 |  3.3
Fire Magic     | 1 |  1.6
Dodging        | |  2.0
Spellcasting   | |  2.9

Action                   |  1- 3 |  4- 6 || total
-------------------------+-------+-------++-------
Melee: Unarmed           |    29 |    20 ||    49
       Constrict         |    12 |     6 ||    18
       Tentacles         |     7 |     5 ||    12
 Cast: Sting             |    64 |   100 ||   164
       Olgreb's Toxic Ra |       |     1 ||     1
       Ignite Poison     |       |     1 ||     1
  Use: Potion            |       |     3 ||     3
 Stab: Sleeping          |       |     1 ||     1
Armor: Skin              |     8 |     1 ||     9
Dodge: Dodged            |    40 |    34 ||    74
